 Dungeon Crawl Stone Soup version 0.14-a0-1739-g6c2808e (webtiles) character file.

162 Kae the Insei (level 4, -5/35 HPs)
             Began as a Draconian Transmuter on Jan 3, 2014.
             Slain by an orc
             ... wielding a +0,+1 orcish flail
              (6 damage)
             ... on Level 3 of the Dungeon.
             The game lasted 00:02:47 (2321 turns).

Kae the Insei (Draconian Transmuter)                Turns: 2321, Time: 00:02:47

HP  -5/35        AC  5     Str 12      XL: 4   Next: 71%
MP   6/7         EV 12     Int 14      God:
Gold 45          SH  0     Dex 12      Spells:  3 memorised,  1 level left

rFire  . . .     SeeInvis .       - Unarmed
rCold  . . .     Clarity  .     (armour unavailable)
rNeg   . . .     Conserve .     (no shield)
rPois  .         rCorr    .     (helmet restricted)
rElec  .         rRot     .     (no cloak)
SustAb . .       Spirit   .     (no gloves)
rMut   .         Warding  .     (no boots)
Saprov . . .     Stasis   +     i - amulet of stasis
                                (no ring)
                                h - ring of sustenance

@: appendage, slightly resistant to hostile enchantments, unstealthy
A: unfitting armour, horns 2, AC +5
a: End Transformation


You were on level 3 of the Dungeon.
You were not hungry.
You had grown temporary horns.
You visited 1 branch of the dungeon, and saw 3 of its levels.

You collected 45 gold pieces.

Inventory:

Missiles
 b - 12 arrows
Magical devices
 e - a wand of confusion (7)
Comestibles
 a - 3 bread rations
 g - a meat ration
Scrolls
 c - 2 scrolls of remove curse {unknown}
 j - a scroll of enchant weapon II
 k - a scroll of identify
Jewellery
 h - a ring of sustenance (left hand)
 i - an amulet of stasis (around neck)
Potions
 f - a potion of agility {unknown}
 l - 2 potions of brilliance {unknown}
Books
 d - a book of Changes

   Spells                             Type                      Level
   *Beastly Appendage                 Transmutation                1
   *Sticks to Snakes                  Transmutation                2
   *Spider Form                       Transmutation/Poison         3
   Ice Form                           Ice/Transmutation            4
   Blade Hands                        Transmutation                5


   Skills:
 - Level 1.1 Fighting
 - Level 1.7 Dodging
 * Level 4.7 Unarmed Combat
 - Level 2.0 Spellcasting
 + Level 3.3 Transmutations


You had one spell level left.
You knew the following spells:

 Your Spells              Type           Power        Failure   Level  Hunger
a - Beastly Appendage     Trmt           ##....       10%         1    ##.....
b - Sticks to Snakes      Trmt           ##........   12%         2    ###....
c - Spider Form           Trmt/Pois      #.........   38%         3    ####...


Dungeon Overview and Level Annotations

Branches:
Dungeon (3/16)

Altars:


Innate Abilities, Weirdness & Mutations

Your plain brown scales are hard (AC +5).*
Your body does not fit into most forms of armour.
Your cold-blooded metabolism reacts poorly to cold.
You have a pair of horns on your head.*


Message History

You are too injured to fight recklessly!
You are too injured to fight recklessly!
You are too injured to fight recklessly!
You are too injured to fight recklessly!
You are too injured to fight recklessly!
You are too injured to fight recklessly!
You are too injured to fight recklessly!
You are too injured to fight recklessly!
You are too injured to fight recklessly!
You are too injured to fight recklessly!
You are too injured to fight recklessly!
You are too injured to fight recklessly!
Casting: Beastly Appendage
Confirm with . or Enter, or press ? or * to list all spells.
You grow a pair of large bovine horns.
The orc hits you with an orcish flail!
* * * LOW HITPOINT WARNING * * *
You hit the orc. Your headbutt misses the orc.
The orc is almost dead.
The orc hits you with an orcish flail.
You die...

###########
#.........#
########.#######@#
....##...#.#####o#
....##.###......l#
....##.# #.....#.#
.......#.....#.###
.....###.##. #.
.(...# .. ..
...#.# # ## #..#+#


You could see an orc and a giant newt.

Vanquished Creatures
  4 adders
  2 worms (D:3)
  3 giant geckos (D:2)
  An ooze (D:2)
  4 orcs (D:3)
  3 giant cockroaches
  7 goblins
  6 hobgoblins
  4 jackals
  4 kobolds
  A quokka (D:2)
  10 bats
  3 giant newts
  10 rats
62 creatures vanquished.

Notes
Turn   | Place    | Note
--------------------------------------------------------------
     0 | D:1      | Kae, the Draconian Transmuter, began the quest for the Orb.
     0 | D:1      | Reached XP level 1. HP: 16/16 MP: 3/3
   138 | D:1      | Reached XP level 2. HP: 8/23 MP: 2/4
   788 | D:2      | Reached XP level 3. HP: 13/28 MP: 4/6
   806 | D:2      | Learned a level 2 spell: Sticks to Snakes
   813 | D:2      | Learned a level 3 spell: Spider Form
   879 | D:2      | HP: 1/28 [poisoned by an adder]
  1194 | D:2      | Reached skill level 4 in Unarmed Combat
  1599 | D:3      | Reached XP level 4. HP: 11/35 MP: 7/7
  2319 | D:3      | HP: 1/35 [orc/orcish flail (12)]
  2321 | D:3      | Slain by an orc

Action                   |  1- 3 |  4- 6 || total
-------------------------+-------+-------++-------
Melee: Unarmed           |   129 |    94 ||   223
 Cast: Beastly Appendage |    13 |     8 ||    21
Evoke: Wand              |       |     1 ||     1
  Use: Scroll            |       |     9 ||     9
